NCAA
WEST VIRGINIA MOUNTAINEERS @ TEXAS CHRISTIAN HORNED FROGS
04/27/2025
 
TOP OF THE 1ST
West Virginia Mountaineers batting - Pitching for Texas Christian Horned Frogs : RHP Hsin-pei Hong
Pitching: RHP Hsin-pei Hong
Batting: RHB Howard Gould 0-0: Called Strike
0-1: Called Strike
0-2: Ball
1-2: Ball
2-2: Strikes out looking
Batting: SHB Jonathan Woodard 0-0: Ball
1-0: Ball
2-0: Ball
3-0: Called Strike
3-1: Base on Balls
Batting: RHB Elvis Bingham 0-0: Called Strike
0-1: Swinging Strike
0-2: Ball
1-2: Strikes out swinging
Batting: LHB Nick Gamble 0-0: Foul Ball, location: 2F
0-1: Ball
1-1: Ball
2-1: Ball
3-1: Foul Ball, location: 2F
3-2: Base on Balls
Jonathan Woodard to second
Batting: RHB Paul Rainford 0-0: Ball
1-0: Reached on error, E6 (Groundball, 6)
Jonathan Woodard scores
Nick Gamble to third
Batting: RHB Gary Stephenson 0-0: Swinging Strike
0-1: Ball
1-1: Ground out 4-3 (Groundball, 4)
Top of the 1st over - 1 run(s), 0 hit(s), 1 error(s), 2 left on base; West Virginia 1 - Texas Christian 0
BOTTOM OF THE 1ST
Texas Christian Horned Frogs batting - Pitching for West Virginia Mountaineers : RHP Jason MacKnight
Pitching: RHP Jason MacKnight
Batting: RHB Francisco Fernández 0-0: Ball
1-0: Fly out, F8 (Flyball, 8RD)
Batting: RHB Bernard Samuels 0-0: Called Strike
0-1: Ball
1-1: Ground out 5-3 (Groundball, 56)
Batting: LHB Miguel Martínez 0-0: Called Strike
0-1: Ball
1-1: Foul Ball, location: 2F
1-2: Ball
2-2: Strikes out looking
Bottom of the 1st over - 0 run(s), 0 hit(s), 0 error(s), 0 left on base; West Virginia 1 - Texas Christian 0
TOP OF THE 2ND
West Virginia Mountaineers batting - Pitching for Texas Christian Horned Frogs : RHP Hsin-pei Hong
Batting: RHB Drew Logan 0-0: Ball
1-0: Foul Ball, location: 2F
1-1: Foul Ball, location: 2F
1-2: Ball
2-2: Strikes out looking
Batting: RHB José Vázquez 0-0: Swinging Strike
0-1: Ball
1-1: Ball
2-1: Foul Ball, location: 2F
2-2: Strikes out swinging
Batting: RHB Luis Costa 0-0: Called Strike
0-1: Fly out, F8 (Flyball, 8RM)
Top of the 2nd over - 0 run(s), 0 hit(s), 0 error(s), 0 left on base; West Virginia 1 - Texas Christian 0
BOTTOM OF THE 2ND
Texas Christian Horned Frogs batting - Pitching for West Virginia Mountaineers : RHP Jason MacKnight
Batting: RHB Anthony Walsh 0-0: Ball
1-0: Ball
2-0: Fly out, F7 (Flyball, 7S)
Batting: LHB Ryan Flynn 0-0: Ball
1-0: Ball
2-0: Ball
3-0: Base on Balls
Batting: RHB Bob McDonald 0-0: Ball
1-0: Swinging Strike
1-1: DOUBLE (Line Drive, 5L)
Ryan Flynn to third
Batting: SHB Matt Pierce 0-0: SINGLE (Groundball, 6M)
Ryan Flynn scores
Bob McDonald to third
Runner from 3rd tries for Home, SAFE, no throw or cutoff
Batting: SHB Robbie Rhodes 0-0: Called Strike
0-1: SINGLE (Flyball, 8RM)
Matt Pierce to second
Batting: RHB José Reyes 0-0: Called Strike
0-1: Ball
1-1: Swinging Strike
1-2: Ball
2-2: Ball
3-2: Foul Ball, location: 2F
3-2: DOUBLE (Line Drive, 7M)
Matt Pierce scores
Robbie Rhodes to third
Batting: RHB Francisco Fernández 0-0: Ground out 5-3 (Groundball, 5)
Batting: RHB Bernard Samuels 0-0: Called Strike
0-1: Ball
1-1: Ball
2-1: Swinging Strike
2-2: Strikes out swinging
Bottom of the 2nd over - 3 run(s), 4 hit(s), 0 error(s), 2 left on base; West Virginia 1 - Texas Christian 3
TOP OF THE 3RD
West Virginia Mountaineers batting - Pitching for Texas Christian Horned Frogs : RHP Hsin-pei Hong
Batting: RHB Howard Gould 0-0: Fly out, F7 (Flyball, 7M)
Batting: SHB Jonathan Woodard 0-0: Called Strike
0-1: Foul Ball, location: 2F
0-2: Foul Ball, location: 2F
0-2: Fly out, F8 (Flyball, 8RM)
Batting: RHB Elvis Bingham 0-0: Ball
1-0: Fly out, F9 (Popup, 4D)
Top of the 3rd over - 0 run(s), 0 hit(s), 0 error(s), 0 left on base; West Virginia 1 - Texas Christian 3
BOTTOM OF THE 3RD
Texas Christian Horned Frogs batting - Pitching for West Virginia Mountaineers : RHP Jason MacKnight
Batting: LHB Miguel Martínez 0-0: Called Strike
0-1: Ball
1-1: Foul Ball, location: 2F
1-2: Ball
2-2: Ball
3-2: SINGLE (Line Drive, 6MD)
Batting: RHB Anthony Walsh 0-0: Called Strike
0-1: Foul Ball, location: 2F
0-2: SINGLE (Line Drive, 6)
Miguel Martínez to second
Batting: LHB Ryan Flynn 0-0: Foul Ball, location: 2F
0-1: Ball
1-1: Ball
2-1: Ball
3-1: Base on Balls
Miguel Martínez to third
Anthony Walsh to second
Batting: RHB Bob McDonald 0-0: Called Strike
0-1: Ball
1-1: Swinging Strike
1-2: Strikes out swinging
Batting: SHB Matt Pierce 0-0: Swinging Strike
0-1: Ball
1-1: Ball
2-1: Foul Ball, location: 2F
2-2: Ball
3-2: Strikes out swinging
Batting: SHB Robbie Rhodes 0-0: Ball
1-0: Ball
2-0: Ground out 1-3 (Groundball, 13)
Bottom of the 3rd over - 0 run(s), 2 hit(s), 0 error(s), 3 left on base; West Virginia 1 - Texas Christian 3
TOP OF THE 4TH
West Virginia Mountaineers batting - Pitching for Texas Christian Horned Frogs : RHP Hsin-pei Hong
Batting: LHB Nick Gamble 0-0: Ball
1-0: Fly out, F8 (Line Drive, 8LM)
Batting: RHB Paul Rainford 0-0: Ball
1-0: Foul Ball, location: 2F
1-1: Ground out 1-3 (Groundball, 13)
Batting: RHB Gary Stephenson 0-0: Ball
1-0: Foul Ball, location: 2F
1-1: Ball
2-1: Foul Ball, location: 2F
2-2: Ground out 5-3 (Groundball, 5S)
Top of the 4th over - 0 run(s), 0 hit(s), 0 error(s), 0 left on base; West Virginia 1 - Texas Christian 3
BOTTOM OF THE 4TH
Texas Christian Horned Frogs batting - Pitching for West Virginia Mountaineers : RHP Jason MacKnight
Batting: RHB José Reyes 0-0: Fly out, F9 (Flyball, 89M)
Batting: RHB Francisco Fernández 0-0: Called Strike
0-1: Ball
1-1: Foul Ball, location: 2F
1-2: Strikes out swinging
Batting: RHB Bernard Samuels 0-0: Ball
1-0: Ball
2-0: Ground out 4-3 (Groundball, 4M)
Bottom of the 4th over - 0 run(s), 0 hit(s), 0 error(s), 0 left on base; West Virginia 1 - Texas Christian 3
TOP OF THE 5TH
West Virginia Mountaineers batting - Pitching for Texas Christian Horned Frogs : RHP Hsin-pei Hong
Batting: RHB Drew Logan 0-0: Foul Ball, location: 2F
0-1: Foul Ball, location: 2F
0-2: Ball
1-2: Ball
2-2: Foul Ball, location: 2F
2-2: Foul Ball, location: 2F
2-2: Ball
3-2: Base on Balls
Batting: RHB José Vázquez 0-0: Ball
1-0: Ball
Wild Pitch!
Drew Logan to second
2-0: Ball
3-0: Called Strike
3-1: 2-RUN HOME RUN (Flyball, 7D), Distance : 389 ft
Batting: RHB Luis Costa 0-0: Called Strike
0-1: Ball
1-1: Ball
2-1: Fly out, F6 (Line Drive, 6)
Batting: RHB Howard Gould 0-0: Ball
1-0: Ball
2-0: Called Strike
2-1: Called Strike
2-2: Foul Ball, location: 2F
2-2: Ball
3-2: Ground out 6-3 (Groundball, 6)
Batting: SHB Jonathan Woodard 0-0: Ball
1-0: Ball
2-0: Ground out 3-1 (Groundball, 3D)
Top of the 5th over - 2 run(s), 1 hit(s), 0 error(s), 0 left on base; West Virginia 3 - Texas Christian 3
BOTTOM OF THE 5TH
Texas Christian Horned Frogs batting - Pitching for West Virginia Mountaineers : RHP Jason MacKnight
Batting: LHB Miguel Martínez 0-0: Ground out U3 (Groundball, 3L)
Batting: RHB Anthony Walsh 0-0: Ground out 5-3 (Groundball, 5)
Batting: LHB Ryan Flynn 0-0: DOUBLE (Line Drive, 9LS)
Batting: RHB Bob McDonald 0-0: SINGLE (Groundball, 4MD)
Ryan Flynn to third
Runner from 3rd tries for Home, SAFE, no throw or cutoff
Batting: SHB Matt Pierce 0-0: Called Strike
0-1: Foul Ball, location: 2F
0-2: Ball
1-2: Strikes out swinging
Bottom of the 5th over - 1 run(s), 2 hit(s), 0 error(s), 1 left on base; West Virginia 3 - Texas Christian 4
TOP OF THE 6TH
West Virginia Mountaineers batting - Pitching for Texas Christian Horned Frogs : RHP Hsin-pei Hong
Pitching: RHP Broderick Bower
Batting: RHB Elvis Bingham 0-0: Ground out 6-3 (Groundball, 6)
Batting: LHB Nick Gamble 0-0: Foul Ball, location: 2F
0-1: Foul Ball, location: 2F
0-2: Ball
1-2: Ground out 4-3 (Groundball, 4M)
Batting: RHB Paul Rainford 0-0: Called Strike
0-1: Called Strike
0-2: Foul Ball, location: 2F
0-2: Ground out 5-3 (Groundball, 5S)
Top of the 6th over - 0 run(s), 0 hit(s), 0 error(s), 0 left on base; West Virginia 3 - Texas Christian 4
BOTTOM OF THE 6TH
Texas Christian Horned Frogs batting - Pitching for West Virginia Mountaineers : RHP Jason MacKnight
Batting: SHB Robbie Rhodes 0-0: Ground out 3-1 (Groundball, 34S)
Pitching: RHP Jim Rawnsley
Batting: RHB José Reyes 0-0: Called Strike
0-1: Fly out, F9 (Flyball, 9M)
Batting: RHB Francisco Fernández 0-0: Ball
1-0: Fly out, F2 (Popup, 2LF)
Bottom of the 6th over - 0 run(s), 0 hit(s), 0 error(s), 0 left on base; West Virginia 3 - Texas Christian 4
TOP OF THE 7TH
West Virginia Mountaineers batting - Pitching for Texas Christian Horned Frogs : RHP Broderick Bower
Batting: RHB Gary Stephenson 0-0: Ball
1-0: Ground out U3 (Groundball, 3S)
Batting: RHB Drew Logan 0-0: Ball
1-0: Ball
2-0: Ball
3-0: Base on Balls
Batting: RHB José Vázquez 0-0: Called Strike
0-1: DOUBLE (Flyball, 8LM)
Drew Logan to third
Batting: RHB Luis Costa 0-0: Foul Ball, location: 2F
0-1: Ball
1-1: 3-RUN HOME RUN (Flyball, 78XD), Distance : 434 ft
Pitching: LHP William Romero
Batting: RHB Howard Gould 0-0: Called Strike
0-1: Swinging Strike
0-2: Ball
1-2: Foul Ball, location: 2F
1-2: Foul Ball, location: 2F
1-2: Ball
2-2: Ball
3-2: Foul Ball, location: 2F
3-2: Base on Balls
Batting: SHB Jonathan Woodard 0-0: Ball
Wild Pitch!
Howard Gould to second
1-0: Fly out, F7 (Flyball, 7M)
Batting: RHB Elvis Bingham 0-0: Called Strike
0-1: Foul Ball, location: 2F
0-2: SINGLE (Groundball, 4M)
Howard Gould to third
Runner from 3rd tries for Home, SAFE, no throw or cutoff
Batting: LHB Nick Gamble 0-0: Foul Ball, location: 2F
0-1: Foul Ball, location: 2F
0-2: Ball
1-2: Foul Ball, location: 2F
1-2: Ball
2-2: Ball
3-2: Base on Balls
Elvis Bingham to second
Batting: RHB Paul Rainford 0-0: Ball
1-0: Swinging Strike
1-1: Ball
2-1: Called Strike
2-2: Ball
3-2: Foul Ball, location: 2F
3-2: Base on Balls
Elvis Bingham to third
Nick Gamble to second
Batting: RHB Gary Stephenson 0-0: Called Strike
0-1: Swinging Strike
0-2: Ball
1-2: Ball
2-2: Foul Ball, location: 2F
2-2: Strikes out swinging
Top of the 7th over - 4 run(s), 3 hit(s), 0 error(s), 3 left on base; West Virginia 7 - Texas Christian 4
BOTTOM OF THE 7TH
Texas Christian Horned Frogs batting - Pitching for West Virginia Mountaineers : RHP Jim Rawnsley
Batting: RHB Bernard Samuels 0-0: Called Strike
0-1: Foul Ball, location: 2F
0-2: Strikes out looking
Batting: LHB Miguel Martínez 0-0: Ball
1-0: Called Strike
1-1: Foul Ball, location: 2F
1-2: Fly out, F9 (Flyball, 9S)
Batting: RHB Anthony Walsh 0-0: Ball
1-0: Ground out 4-3 (Groundball, 4)
Bottom of the 7th over - 0 run(s), 0 hit(s), 0 error(s), 0 left on base; West Virginia 7 - Texas Christian 4
TOP OF THE 8TH
West Virginia Mountaineers batting - Pitching for Texas Christian Horned Frogs : LHP William Romero
Batting: RHB Drew Logan 0-0: Ball
1-0: Swinging Strike
1-1: Called Strike
1-2: Strikes out swinging
Batting: RHB José Vázquez 0-0: SINGLE (Groundball, 56D)
Batting: RHB Luis Costa 0-0: Called Strike
0-1: Swinging Strike
0-2: Ball
1-2: SINGLE (Line Drive, 78S)
José Vázquez to second
Batting: RHB Howard Gould 0-0: Called Strike
0-1: Called Strike
0-2: Ball
1-2: Foul Ball, location: 2F
1-2: Strikes out swinging
Batting: SHB Jonathan Woodard 0-0: Called Strike
0-1: Foul Ball, location: 2F
0-2: Ball
1-2: Ball
2-2: Foul Ball, location: 2F
2-2: Ball
3-2: Base on Balls
José Vázquez to third
Luis Costa to second
Pitching: RHP Juan García
Batting: RHB Elvis Bingham 0-0: Ball
1-0: Ball
2-0: Swinging Strike
2-1: Ball
Passed Ball!
José Vázquez scores
Luis Costa to third
Jonathan Woodard to second
3-1: Fly out, F3 (Popup, 3F)
Top of the 8th over - 1 run(s), 2 hit(s), 0 error(s), 2 left on base; West Virginia 8 - Texas Christian 4
BOTTOM OF THE 8TH
Texas Christian Horned Frogs batting - Pitching for West Virginia Mountaineers : RHP Jim Rawnsley
Batting: LHB Ryan Flynn 0-0: Called Strike
0-1: Called Strike
0-2: Ball
1-2: Ball
2-2: Ground out 6-3 (Groundball, 6M)
Pitching: RHP Ashton Martínez
Batting: RHB Bob McDonald 0-0: Ball
1-0: Called Strike
1-1: Foul Ball, location: 2F
1-2: Foul Ball, location: 2F
1-2: Strikes out swinging
Batting: SHB Matt Pierce 0-0: Called Strike
0-1: Ball
1-1: Ground out 5-3 (Groundball, 56)
Bottom of the 8th over - 0 run(s), 0 hit(s), 0 error(s), 0 left on base; West Virginia 8 - Texas Christian 4
TOP OF THE 9TH
West Virginia Mountaineers batting - Pitching for Texas Christian Horned Frogs : RHP Juan García
Pitching: RHP Steve Patterson
Batting: LHB Nick Gamble 0-0: Ball
1-0: Foul Ball, location: 2F
1-1: Ball
2-1: Fly out, F7 (Flyball, 78M)
Batting: RHB Paul Rainford 0-0: Foul Ball, location: 2F
0-1: Foul Ball, location: 2F
0-2: Ball
1-2: Strikes out looking
Batting: RHB Gary Stephenson 0-0: Swinging Strike
0-1: Ball
1-1: Ball
2-1: Called Strike
2-2: Ball
3-2: Base on Balls
Batting: RHB Drew Logan 0-0: Swinging Strike
0-1: Ball
1-1: Ball
2-1: Swinging Strike
2-2: Ball
3-2: Foul Ball, location: 2F
3-2: Base on Balls
Gary Stephenson to second
Batting: RHB José Vázquez 0-0: Ball
1-0: Swinging Strike
1-1: Ball
2-1: Foul Ball, location: 2F
2-2: Ball
3-2: Base on Balls
Gary Stephenson to third
Drew Logan to second
Batting: RHB Luis Costa 0-0: Called Strike
0-1: SINGLE (Line Drive, 9M)
Gary Stephenson scores
Drew Logan to third
José Vázquez to second
Runner from 3rd tries for Home, SAFE, throw made at trailing runner, OUT at third!
Top of the 9th over - 2 run(s), 1 hit(s), 0 error(s), 1 left on base; West Virginia 10 - Texas Christian 4
BOTTOM OF THE 9TH
Texas Christian Horned Frogs batting - Pitching for West Virginia Mountaineers : RHP Ashton Martínez
Batting: SHB Robbie Rhodes 0-0: Ball
1-0: Fly out, F2 (Popup, 25F)
Batting: RHB José Reyes 0-0: Foul Ball, location: 2F
0-1: Called Strike
0-2: Strikes out swinging
Batting: RHB Francisco Fernández 0-0: Swinging Strike
0-1: Ball
1-1: Foul Ball, location: 2F
1-2: Ball
2-2: Ball
3-2: Base on Balls
Batting: RHB Bernard Samuels 0-0: Ball
1-0: Fly out, F5 (Line Drive, 5)
Bottom of the 9th over - 0 run(s), 0 hit(s), 0 error(s), 1 left on base; West Virginia 10 - Texas Christian 4
This league is powered by Out of the Park Baseball, the baseball management simulation game for PC, Mac and Linux
Tuesday, August 2nd, 2016 - OOTP Baseball 16.8 Build 38